AoeStats
← Codisius

Four Lakes

508149302Analyzed
1v1 RM · 11d ago on Sep 21, 2026· 64m 22s· 2 players
Game mode
Random Map
Map size
Tiny (2 player)
Population
200
Speed
Normal
Resources
Standard
Victory
Conquest
Starting age
Dark Age
Ending age
Imperial Age
RankedLock teamsTeams togetherTeam positionsShared explorationLock speedFull tech treeHidden civsTurbo modeCheats
Victory
Defeat
🇨🇴 Teutons · Colombia
156
+21
🇺🇸 Bohemians · United States
264
-21
Codisius
0:32 Loom
12:06 Feudal Age
12:40 Double-Bit Axe
13:34 Wheelbarrow
15:10 Fishing Lines
15:44 Gold Mining
16:02 Stone Mining
18:41 Horse Collar
25:57 Castle Age
25:01 Forging
26:23 Scale Mail Armor
26:30 Scale Barding Armor
26:19 Fletching
26:33 Padded Archer Armor
26:59 Hand Cart
26:57 Bow Saw
27:24 Stone Shaft Mining
26:53 Heavy Plow
26:47 Gillnets
36:31 Imperial Age
48:21 Ballistics
49:50 Chemistry
49:38 Iron Casting
49:35 Chain Mail Armor
51:51 Blast Furnace
54:49 Elite Teutonic Knight
jbleasehill
0:51 Loom
0:55 Loom
14:01 Feudal Age
15:22 Horse Collar
15:35 Double-Bit Axe
21:24 Wheelbarrow
22:39 Arson
25:58 Man-at-Arms
27:09 Fishing Lines
28:44 Town Watch
33:12 Castle Age
32:44 Fletching
33:05 Forging
32:56 Padded Archer Armor
32:57 Scale Mail Armor
33:02 Scale Barding Armor
35:50 Hand Cart
35:50 Bow Saw
35:44 Heavy Plow
35:47 Bodkin Arrow
36:08 Leather Archer Armor
36:29 Iron Casting
36:10 Chain Mail Armor
38:27 Town Patrol
41:02 Imperial Age
40:33 Chemistry
39:30 Murder Holes
41:36 Pikeman
46:40 Hussite Reforms
47:49 Masonry
47:44 Siege Engineers
50:04 Fervor
50:15 Sanctity
50:12 Block Printing
50:35 Illumination
50:46 Theocracy
51:24 Wagenburg Tactics
52:54 Crossbowman
53:00 Elite Skirmisher
56:33 Bracer
Connection lost

Rejoining the realm…

Still unreachable

The connection could not be restored.

Session expired

The server has moved on; the page needs a fresh start.